[Event "Late-Titled-Tuesday-Blitz-September-12-2023"]
[Site "Chess.com"]
[Date "2023.09.12"]
[Round "1"]
[White "ARTHURMOTIVATOR"]
[Black "GP9isback23"]
[Result "1-0"]
[WhiteElo "2429"]
[BlackElo "2640"]
[TimeControl "180+1"]
[EndTime "14:08:02 PDT"]
[Termination "ARTHURMOTIVATOR won by resignation"]

1. e4 c5 2. b3 Nc6 3. Bb2 e5 4. Bb5 d6 5. Bxc6+ bxc6 6. Ne2 Nf6 7. d3 Be7 8. O-O O-O 9. h3 Nh5 10. f4 exf4 11. Nxf4 Nxf4 12. Rxf4 Bg5 13. Rf3 Be6 14. Nd2 d5 15. Rg3 Bf6 16. e5 Bh4 17. Rf3 Qg5 18.
Qe2 Bg3 19. Raf1 Bxh3 20. Bc1 Bg4 21. Rxg3 Bxe2 22. Rxg5 Bxf1 23. Kxf1 f6 24. exf6 Rxf6+ 25. Nf3 Re8 26. Ba3 Rfe6 27. Bxc5 Re2 28. Bd4 g6 29. c4 dxc4 30. bxc4 Rxa2 31. Be5 Re7 32. d4 Rb7 33. Kg1 Rbb2 34. d5 Rb1+ 35. Kh2 cxd5 36. cxd5 Rb3 37. Kh3 Rd3 38. d6 Rc2 39. Bh2 Rc6 40.
Ra5 a6 41. Bg3 Rb6 42. Rc5 Kg7 43. Rc7+ Kf6 44. Rxh7 Rbxd6 45. Bxd6 Rxd6 46. Kg3 Rb6 47. Kf4 Rb4+ 48. Kg3 Ra4 49. Ra7 Ra1 50. Kf2 a5 51. Ra6+ Kf5 52. Nh4+ Kg5 53. Nxg6 Ra2+ 54. Kg3 Ra3+ 55.
Kh2 Ra2 56. Ne5 Kf4 57. Nc4 a4 58. Nb6 a3 59. Nc4 1-0

[Event "Late-Titled-Tuesday-Blitz-September-12-2023"]
[Site "Chess.com"]
[Date "2023.09.12"]
[Round "1"]
[White "MalyDominator"]
[Black "ckgchess"]
[Result "0-1"]
[WhiteElo "2459"]
[BlackElo "2879"]
[TimeControl "180+1"]
[EndTime "14:08:03 PDT"]
[Termination "ckgchess won by resignation"]

1. e4 e5 2. Nf3 Nf6 3. d4 d5 4. dxe5 Nxe4 5. Bd3 Nc5 6. Be2 Be7 7. O-O O-O 8. Be3 c6 9. c3 Bg4 10. Nbd2 Nbd7 11.
h3 Bh5 12. Re1 Re8 13. b4 Ne4 14. Qc2 Nxd2 15. Bxd2 Bxf3 16. Bxf3 Bg5 17. c4 Bxd2 18.
Qxd2 Nxe5 19. cxd5 Nxf3+ 20. gxf3 Rxe1+ 21. Rxe1 cxd5 22. Rd1 Qd6 23. Qxd5 Qxb4 24. Rd4 Qb1+ 25. Kh2 Rf8 26.
a4 b6 27. h4 Qc2 28. Kg2 h6 29. h5 Rc8 30. Qe5 Qc5 31. Rd5 Qc4 32. Rd4 Qc7 33. Qd5 Qc5 34. Qd7 Rf8 35. Qg4 Re8 36. Rd7 Re5 37.
Rd8+ Kh7 38. Qf4 Rg5+ 39. Kf1 Qf5 40. Qd4 Qb1+ 41. Ke2 Qc2+ 42. Ke3 Qc1+ 43. Ke2 Qc2+ 44. Ke3 Qb3+ 45. Ke2 Qe6+ 46. Kd2 Qf5 47. Ke2 Qe5+ 48. Qxe5 Rxe5+ 49. Kd3 Rxh5 50. Rd7 Ra5 51. Rxf7 Rxa4 52.
f4 Kg6 53. Re7 Rxf4 0-1

[Event "Late-Titled-Tuesday-Blitz-September-12-2023"]
[Site "Chess.com"]
[Date "2023.09.12"]
[Round "1"]
[White "NotFischer"]
[Black "GlavkonVVS"]
[Result "0-1"]
[WhiteElo "2282"]
[BlackElo "2580"]
[TimeControl "180+1"]
[EndTime "14:08:04 PDT"]
[Termination "GlavkonVVS won by checkmate"]

1. e4 Nf6 2. e5 Nd5 3. d4 d6 4. c4 Nb6 5. exd6 cxd6 6. Nc3 g6 7. Be3 Bg7 8. h3 O-O 9. Nf3 f5 10. Qd2 e5 11. Bg5 Bf6 12. Bxf6 Qxf6 13. dxe5 dxe5 14. Nd5 Nxd5 15. cxd5 e4 16. Nd4 Qe5 17. Bc4 Na6 18. O-O Nc5 19. f4 Qf6 20. Qe3 b6 21. b4 Ba6 22. b5 Bc8 23. Rad1 Bd7 24. Nc6 Kg7 25. Ne5 Rfd8 26. Rd2 Be8 27. Rfd1 Rd6 28. Qc3 Rc8 29. Kh2 a6 30. bxa6 b5 31. Be2 Rxa6 32.
d6 Bd7 33. Qb4 Ra4 34. Qb2 e3 35. Rc2 Rxf4 36. Nxd7 Qxb2 37. Rxb2 Nxd7 38. Rxb5 Rd8 39. Rb7 Kf6 40. Bb5 Ne5 41. d7 Re4 42. Rb6+ Ke7 43.
Rdd6 e2 44. Re6+ Kf7 45. Rf6+ Kg7 46. Rbe6 e1=Q 47. Re8 Rxd7 48. Rff8 Rf7 49. Rg8+ Kh6 50. a4 Ng4+ 51. hxg4 Rxe8 52. Rxe8 Qh4+ 53. Kg1 fxg4 54.
Re2 Re7 55. Rxe7 Qxe7 56. Kf2 Qc5+ 57. Kg3 Kg5 58. Kh2 Qe3 59. g3 Qf2+ 60. Kh1 Qxg3 61. a5 Qe1+ 62. Kg2 Qxa5 63. Be8 Qd2+ 64. Kg1 Kf4 65. Bxg6 Kg3 66. Kh1 Qh2# 0-1

[Event "Late-Titled-Tuesday-Blitz-September-12-2023"]
[Site "Chess.com"]
[Date "2023.09.12"]
[Round "1"]
[White "Arteler"]
[Black "sergiochess83"]
[Result "1/2-1/2"]
[WhiteElo "2475"]
[BlackElo "2920"]
[TimeControl "180+1"]
[EndTime "14:08:09 PDT"]
[Termination "Game drawn by repetition"]

1. e4 e6 2. d4 d5 3. Nd2 c5 4. exd5 exd5 5. Ngf3 Nc6 6. Bb5 Qe7+ 7. Be2 Qc7 8. O-O Nf6 9. dxc5 Bxc5 10. Nb3 Bb6 11. Bg5 Be6 12. c3 Ne4 13. Bh4 O-O 14. Nbd4 Rae8 15.
Re1 Bg4 16. Nxc6 bxc6 17. Nd4 Bxe2 18. Rxe2 c5 19. Nc2 Qc6 20. a4 h6 21. a5 Bc7 22.
Ne3 Qd6 23. Bg3 Nxg3 24. hxg3 d4 25. cxd4 cxd4 26. Nf5 Qc5 27. Rxe8 Rxe8 28. Qg4 g6 29. Nxd4 h5 30. Qh4 Rb8 31. Nf3 Rxb2 32. g4 hxg4 33. Ng5 Qf5 34. Re1 Be5 35. Qh7+ Kf8 36. Qxf7+ Qxf7 37. Nxf7 Kxf7 38. Rxe5 g3 39. fxg3 Ra2 40. Rc5 Ke6 41.
Rc6+ Kf5 42. Ra6 g5 43. Rxa7 Kg4 44. Kh2 Ra3 45. a6 Ra4 46. Ra8 Ra2 47. a7 Ra1 48. Rb8 Rxa7 49. Rb4+ Kh5 50. g4+ Kh6 51. Rb6+ Kg7 52.
Rb3 Ra4 53. Kg3 Ra6 54. Kf3 Kg6 55. Rd3 Rf6+ 56. Kg3 Rb6 57. Re3 Rc6 58. Rf3 Rb6 59. Re3 Rc6 60. Rd3 Rb6 61. Kf3 Ra6 62. Ke4 Re6+ 63.
Kf3 Ra6 64. Kg3 Rb6 1/2-1/2

[Event "Late-Titled-Tuesday-Blitz-September-12-2023"]
[Site "Chess.com"]
[Date "2023.09.12"]
[Round "1"]
[White "Road2GM3000"]
[Black "Druid24"]
[Result "1/2-1/2"]
[WhiteElo "2342"]
[BlackElo "2632"]
[TimeControl "180+1"]
[EndTime "14:08:10 PDT"]
[Termination "Game drawn by repetition"]

1. d4 Nf6 2. c4 g6 3. Nc3 Bg7 4.
e4 d6 5. f4 O-O 6. Nf3 c5 7. d5 e6 8. Be2 exd5 9. exd5 Re8 10.
O-O Bf5 11. Bd3 Bxd3 12. Qxd3 Nbd7 13. f5 Qe7 14. Bg5 Ne5 15. Nxe5 Qxe5 16. Bh4 Ng4 17.
Bg3 Qe3+ 18. Qxe3 Nxe3 19. Bxd6 Nxf1 20. Kxf1 b6 21. Bc7 Bxc3 22. bxc3 Re7 23. d6 Rd7 24. f6 Kf8 25. g4 Rc8 26. g5 Rcxc7 27. dxc7 Rxc7 28. Rd1 Ke8 29. Kf2 Rd7 30. Rd5 Rc7 31.
Kf3 Rc6 32. Re5+ Kd8 33. Ke4 Rd6 34. Re7 Rd7 35. Re5 Rd6 36. a4 Rd7 37. a5 Rd1 38. axb6 axb6 39. Rd5+ Rxd5 40. Kxd5 Kd7 41. Ke5 Kc6 42. Ke4 Kd6 43. Kf4 Kd7 44. Ke5 Kc6 45. h3 Kd7 46. Kd5 Kc7 47. Ke5 Kd7 48. h4 Kc6 49. Kf4 Kd6 50. Ke4 Ke6 51. Kf4 Kd6 52. Ke4 Kd7 53. Kd5 Kc7 54. Ke5 Kc6 55. Ke4 Kd6 56.
Kf4 Ke6 57. Ke4 Kd6 58. Kf4 Kc7 59. Kg4 Kc6 60. Kf4 Kd6 1/2-1/2

[Event "Late-Titled-Tuesday-Blitz-September-12-2023"]
[Site "Chess.com"]
[Date "2023.09.12"]
[Round "1"]
[White "Joshukid"]
[Black "MBA_CHESS_2021"]
[Result "1-0"]
[WhiteElo "2539"]
[BlackElo "2221"]
[TimeControl "180+1"]
[EndTime "14:08:10 PDT"]
[Termination "Joshukid won by checkmate"]

1. d4 d5 2. Nc3 Nf6 3. Bf4 c6 4. e3 Bf5 5. f3 e6 6. g4 Bg6 7. h4 h5 8. g5 Nfd7 9. Bd3 Bxd3 10. Qxd3 g6 11. O-O-O Bg7 12. e4 O-O 13. Nge2 Na6 14. Bd6 Re8 15. f4 Nb6 16. Be5 Nb4 17. Qf3 dxe4 18.
Nxe4 Nxa2+ 19. Kb1 Nb4 20. Nf6+ Bxf6 21. gxf6 Qd5 22. Qa3 a5 23. Nc3 Qg2 24. Qb3 N6d5 25. Rhg1 Qf2 26. Ne4 Qe2 27. Ng3 a4 28. Nxe2 axb3 29.
cxb3 Ne3 30. Rc1 Ra6 31. Nc3 Rea8 32. Na4 b5 33. f5 exf5 34. Bd6 bxa4 35. Bxb4 axb3 36.
Ba3 Nc2 37. Rxc2 bxc2+ 38. Kxc2 Ra4 39. Bc5 Re8 40. Kb3 Ra6 41. Kc4 Re6 42. b4 Rxf6 43.
d5 cxd5+ 44. Kxd5 Rfe6 45. b5 Ra2 46. Rb1 Rd2+ 47. Kc4 Rc2+ 48. Kd5 Ree2 49. b6 Red2+ 50. Kc6 Rb2 51. Rxb2 Rxb2 52. b7 f6 53. Bb6 g5 54.
b8=Q+ Kf7 55. hxg5 fxg5 56. Qb7+ Kg6 57. Qc8 Rc2+ 58.
Bc5 h4 59. Qe6+ Kh5 60. Qxf5 Rc3 61. Qf7+ Kg4 62. Qe6+ Kg3 63. Qe5+ Kg4 64. Qxc3 h3 65. Qd4+ Kh5 66. Qd1+ g4 67. Qg1 Kh4 68. Bf2+ Kg5 69.
Qg3 Kf5 70. Kd5 Kg5 71. Ke5 Kg6 72. Qxg4+ Kf7 73. Qxh3 Kg6 74. Be3 Kf7 75. Qh7+ Ke8 76. Ke6 Kd8 77. Qd7# 1-0

[Event "Late-Titled-Tuesday-Blitz-September-12-2023"]
[Site "Chess.com"]
[Date "2023.09.12"]
[Round "1"]
[White "MightyGMpretender"]
[Black "chosenpr"]
[Result "1-0"]
[WhiteElo "2727"]
[BlackElo "2400"]
[TimeControl "180+1"]
[EndTime "14:08:13 PDT"]
[Termination "MightyGMpretender won on time"]

1. e4 e5 2. Nf3 Nc6 3. Bb5 a6 4. Ba4 Nf6 5. O-O b5 6. Bb3 Be7 7. d3 O-O 8. Nc3 h6 9. a4 b4 10. Nd5 d6 11. a5 Re8 12. Bd2 Rb8 13. h3 Bf8 14. Qe1 Nxd5 15. Bxd5 Ne7 16. Bxb4 Nxd5 17. exd5 Qf6 18. Nh2 Qg6 19. Kh1 Bb7 20. c4 Qxd3 21.
Qc3 Qxc3 22. Bxc3 Bc8 23. Ng4 Bf5 24. Ne3 Bd3 25. Rfc1 Bg6 26. Nc2 Bxc2 27. Rxc2 f5 28.
g4 fxg4 29. hxg4 Be7 30. Bd2 Rf8 31. Kg2 Bg5 32. Be3 Bxe3 33. fxe3 Rb4 34. Ra2 Rfb8 35. Kf3 Kf7 36. Ke4 Ke7 37. Kd3 Rf8 38. Kc3 Rfb8 39. Ra3 R4b7 40. b3 Rc8 41. Ra1 c5 42. dxc6 Rxc6 43.
Rd2 Rd7 44. Rad1 Ke6 45. Rd5 Rb7 46. Rg1 Rf7 47. g5 Rf3 48. Kd3 h5 49. g6 Rf6 50.
Rg5 Ke7 51. Rxh5 Rxg6 52. Rh8 Re6 53. Rb8 Kd7 54. Rb7+ Rc7 55. Rb6 Rc6 56. Rb8 Rc7 57. Rg8 Kc6 58. Ke4 Rd7 59. Rd2 Rf6 60. Rc8+ Rc7 61.
Rb8 Rb7 62. Rxb7 Kxb7 63. Rg2 g6 64. Kd5 Kc7 65. b4 Kd7 66. b5 Ke7 67. bxa6 Rf8 68. Kc6 Ra8 69. Kb7 Rd8 70. a7 Rd7+ 71. Kb6 Rd8 72.
Rxg6 1-0

[Event "Late-Titled-Tuesday-Blitz-September-12-2023"]
[Site "Chess.com"]
[Date "2023.09.12"]
[Round "1"]
[White "Roberz12"]
[Black "German_Bazeev"]
[Result "0-1"]
[WhiteElo "2432"]
[BlackElo "2815"]
[TimeControl "180+1"]
[EndTime "14:08:17 PDT"]
[Termination "German_Bazeev won by checkmate"]

1. e4 c5 2. Nf3 Nc6 3. d4 cxd4 4. Nxd4 Nf6 5. Nc3 d6 6. Bg5 e6 7. Nxc6 bxc6 8. Bd3 d5 9. e5 h6 10. Bh4 g5 11.
Bg3 Nd7 12. h4 Rg8 13. hxg5 Rxg5 14. Qe2 Rxg3 15. fxg3 Qg5 16. Rh5 Qxg3+ 17. Kd2 Qf4+ 18. Qe3 Qxe3+ 19. Kxe3 Bg7 20. Kf4 Rb8 21. Na4 Rb4+ 22. Ke3 Rxa4 23. c3 Nxe5 24. Be2 c5 25. Bb5+ Bd7 26.
Bxa4 Bxa4 27. b3 Bc6 28. g3 f5 29. Kd2 Nf3+ 30. Kc2 d4 31. cxd4 Be4+ 32. Kd1 Nxd4 33. g4 Nxb3 34. axb3 Bxa1 35. Rxh6 Kf7 36. gxf5 Bxf5 37. Rh4 Bc3 38. Ra4 a5 39. Rf4 Kf6 40. Rh4 Bb4 41. Ke2 Bc2 42. Rh3 e5 43. Kf2 e4 44.
Ke3 Bxb3 45. Kxe4 a4 46. Rg3 Bc2+ 47. Kd5 a3 48. Rf3+ Kg5 49. Rf1 a2 50. Kc4 Bb1 51. Rg1+ Kh4 52. Rh1+ Kg3 53. Rh8 Bd3+ 54. Kb3 Bc4+ 55.
Kc2 Bc3 56. Ra8 a1=Q 57. Rg8+ Bxg8 58. Kd3 Qd1+ 59. Ke4 Qd4+ 60. Kf5 Qe5+ 61. Kg6 Qf6+ 62. Kh5 Bf7# 0-1

[Event "Late-Titled-Tuesday-Blitz-September-12-2023"]
[Site "Chess.com"]
[Date "2023.09.12"]
[Round "1"]
[White "IMGC"]
[Black "GarayevKanan"]
[Result "1-0"]
[WhiteElo "2418"]
[BlackElo "2718"]
[TimeControl "180+1"]
[EndTime "14:08:18 PDT"]
[Termination "IMGC won by resignation"]

1. d4 Nf6 2. Nf3 e6 3. e3 d5 4. c4 c5 5. cxd5 exd5 6. Nc3 Nc6 7. Be2 cxd4 8. Nxd4 Bd6 9. O-O O-O 10. b3 Nxd4 11. Qxd4 Qc7 12. Nb5 Qe7 13. Nxd6 Qxd6 14. Bb2 Bf5 15.
Rac1 a6 16. g4 Be6 17. g5 Ne8 18. f4 f6 19. h4 Rf7 20. Bf3 Rd8 21. Bg2 Re7 22. h5 Nc7 23. a4 Bf7 24. Rcd1 Bxh5 25. Rd2 fxg5 26. fxg5 Rf8 27. Rxf8+ Kxf8 28. Bc3 Ne6 29. Bb4 Nxd4 30. Bxd6 Nf5 31. Bxe7+ Kxe7 32. Rxd5 Bg6 33. e4 Nd6 34. e5 Nf5 35. Rc5 Ke6 36. Bh3 h6 37. gxh6 gxh6 38. Kf2 Ke7 39. Bxf5 Bxf5 40. Ke3 Kd7 41. Kf4 Be6 42. b4 h5 43.
Kg5 Bb3 44. a5 Ke6 45. Rc7 Bd5 46. Rh7 Kxe5 47. Rxh5 Kd4 48. Kf6 Kc4 49. Ke7 Bc6 50.
Rh4+ Kb5 51. Kd6 Bg2 52. Rf4 Bc6 53. Ke5 Bh1 54. Kd6 Bc6 55. Ke5 Ka4 56. Rd4 Kb3 57. Kd6 Kc3 58. Kc5 Kb3 59. Rf4 Bb5 60. Rf6 Bc6 61.
Rxc6 bxc6 62. Kxc6 Kxb4 63. Kb6 Kc4 64. Kxa6 Kb4 65.
Kb6 1-0

[Event "Late-Titled-Tuesday-Blitz-September-12-2023"]
[Site "Chess.com"]
[Date "2023.09.12"]
[Round "1"]
[White "BlueWizzard"]
[Black "whitemirrorninja"]
[Result "1-0"]
[WhiteElo "2940"]
[BlackElo "2472"]
[TimeControl "180+1"]
[EndTime "14:08:19 PDT"]
[Termination "BlueWizzard won by checkmate"]

1. d4 d6 2. Nc3 g6 3. h4 Nf6 4. Bg5 Bg7 5. Nf3 Bg4 6. Qd3 Nbd7 7. Nh2 c5 8. Nxg4 Nxg4 9. dxc5 Nxc5 10. Qg3 Qa5 11. Bd2 h5 12. e4 Qb4 13. f3 Qxb2 14.
Rb1 Qxc2 15. Bb5+ Kf8 16. Rc1 Nd3+ 17. Ke2 Nxc1+ 18. Rxc1 Qb2 19. Rb1 Qc2 20. Bd3 Be5 21.
f4 Qxc3 22. Bxc3 Bxc3 23. e5 dxe5 24. Bxg6 Bd4 25. Be4 Rc8 26. fxe5 Rc3 27. Bf3 Re3+ 28. Kd2 Bxe5 29. Qh3 Bf4 30. Kc2 Kg7 31. Rb4 Rc8+ 32. Kb1 Re1+ 33. Kb2 Be5+ 34. Ka3 Re3+ 35. Rb3 Bd6+ 36.
Kb2 Be5+ 37. Ka3 Rcc3 38. Qh1 b5 39. Kb4 a6 40. Ka5 Rxb3 41. axb3 Rxb3 42. Bxg4 hxg4 43. Qd1 Ra3+ 44. Kb6 Ra4 45. Qd5 Bf6 46. h5 Rd4 47. Qf5 Rd6+ 48. Ka5 Re6 49. Kb4 Be5 50. Qxg4+ Kf8 51.
Qf5 Bf6 52. g4 Re3 53. g5 Bc3+ 54. Kb3 a5 55. Kc2 b4 56. g6 Re2+ 57. Kd3 Rd2+ 58. Ke3 f6 59. Qe6 Kg7 60. Qf7+ Kh6 61. Qh7+ Kg5 62.
g7 f5 63. g8=Q+ Kf6 64. Qhg7# 1-0

[Event "Late-Titled-Tuesday-Blitz-September-12-2023"]
[Site "Chess.com"]
[Date "2023.09.12"]
[Round "1"]
[White "jaskol95"]
[Black "Njal28"]
[Result "0-1"]
[WhiteElo "2513"]
[BlackElo "3119"]
[TimeControl "180+1"]
[EndTime "14:08:22 PDT"]
[Termination "Njal28 won by checkmate"]

1. d4 Nf6 2. Nc3 d5 3. Bf4 c5 4. e4 Nxe4 5. Nxe4 dxe4 6. dxc5 Qa5+ 7. c3 Qxc5 8. Qa4+ Nc6 9. Qxe4 g6 10. Nf3 Bg7 11. Rd1 O-O 12. Be3 Qf5 13. Bd3 Qxe4 14. Bxe4 Be6 15. a3 Na5 16. Bd5 Bxd5 17. Rxd5 Nc4 18. Bc1 Rfd8 19. Rxd8+ Rxd8 20. Ke2 Kf8 21. Rd1 Rxd1 22. Kxd1 Ke8 23. Kc2 Kd7 24. b3 Nd6 25. c4 e5 26. Be3 a6 27. Nd2 Bf8 28. f3 Nf5 29. Bf2 Bxa3 30. Ne4 Be7 31. Bc5 Bxc5 32. Nxc5+ Kc6 33. Ne4 Ne3+ 34. Kd3 Nxg2 35. Ng5 f5 36. Nf7 Nf4+ 37. Ke3 Ne6 38. Nxe5+ Kc5 39. Nd3+ Kd6 40. f4 Nc5 41. Nc1 a5 42. Kd4 Ne6+ 43. Ke3 h6 44. h4 Nc5 45. Kd4 b6 46. Kc3 Ke6 47. Kd4 Ke7 48.
Kd5 Kd7 49. Ke5 Ke7 50. Kd5 Kd7 51. Ke5 Ne4 52. Nd3 Nd2 53. c5 b5 54. Kd5 Nxb3 55.
c6+ Kc7 56. Ne5 a4 57. Nd3 a3 58. Nb4 Na5 59. Na6+ Kb6 60. c7 Kb7 61. Kd6 Nc4+ 62. Kd7 Nb6+ 63. Kd8 Kxa6 64. Ke7 a2 65. Kf6 a1=Q+ 66.
Kxg6 Qc3 67. c8=Q+ Qxc8 68. Kh5 Qg8 69. Kxh6 Qg4 70. h5 Nd7 71. Kh7 b4 72. h6 Nf6+ 73.
Kh8 Qg8# 0-1

[Event "Late-Titled-Tuesday-Blitz-September-12-2023"]
[Site "Chess.com"]
[Date "2023.09.12"]
[Round "1"]
[White "SmirnovAlexandrA"]
[Black "Aleksandar-Topalov"]
[Result "0-1"]
[WhiteElo "2625"]
[BlackElo "2356"]
[TimeControl "180+1"]
[EndTime "14:08:23 PDT"]
[Termination "Aleksandar-Topalov won by resignation"]

1. e4 e6 2. d4 d5 3. Nc3 Bb4 4. Ne2 Nf6 5. e5 Ng8 6. a3 Bf8 7. Ng3 b6 8. Be2 Ba6 9. O-O Bxe2 10. Ncxe2 h5 11. f4 g6 12. c3 Qd7 13. a4 c5 14.
Be3 Nc6 15. Nc1 Nh6 16. h3 h4 17. Nge2 Nf5 18. Bf2 Be7 19. Nd3 cxd4 20. Nxd4 Ncxd4 21. cxd4 O-O 22. Qb3 Rac8 23. a5 b5 24. a6 Rc4 25. Nc5 Qc6 26. Ra5 Bxc5 27. dxc5 Rb8 28. Qf3 Kg7 29. b3 Rc2 30. Qd3 Rxf2 31. Rxf2 Qxc5 32.
Ra2 Ng3 33. Rc2 Qb6 34. Kh2 Qxa6 35. Rf3 Qa1 36. Rxg3 hxg3+ 37. Kxg3 Qe1+ 38. Kh2 b4 39. Rc7 Qe4 40. Qxe4 dxe4 41. Rc4 a5 42. Kg1 Rd8 43. Rc5 Rd3 44. Rxa5 Rxb3 45. Rb5 e3 46. Kf1 Rb2 47. g4 b3 48. Ke1 Rf2 49. Rxb3 Rf3 50. h4 Rxf4 51. h5 Rxg4 52. hxg6 Kxg6 53. Rxe3 Rf4 54. Ke2 Kf5 55. Ra3 Re4+ 56. Kf3 Rxe5 57. Ra7 f6 58. Kg3 Rd5 59. Kf2 Rd3 60. Ke2 Rh3 61. Rg7 e5 62.
Kf2 Kf4 63. Ke2 Rh2+ 64. Kd3 e4+ 65. Kc3 f5 66. Rh7 Rxh7 0-1

[Event "Late-Titled-Tuesday-Blitz-September-12-2023"]
[Site "Chess.com"]
[Date "2023.09.12"]
[Round "1"]
[White "Tunahan_Makaraci"]
[Black "Pingah9"]
[Result "1-0"]
[WhiteElo "2307"]
[BlackElo "2560"]
[TimeControl "180+1"]
[EndTime "14:08:24 PDT"]
[Termination "Tunahan_Makaraci won by resignation"]

1. e4 c5 2. c3 d5 3. exd5 Qxd5 4. d4 Nc6 5. Nf3 Bf5 6. Be3 Nf6 7. Na3 cxd4 8. Nxd4 Nxd4 9. Qxd4 Qxd4 10. Bxd4 e5 11. Bxe5 Bxa3 12. bxa3 O-O-O 13. Be2 Rhe8 14. Bxf6 gxf6 15.
Rd1 Bd3 16. Rd2 Bc4 17. Rb2 Rd3 18. O-O Rxc3 19. Bxc4 Rxc4 20. Rd1 Kc7 21. Kf1 Re5 22. Rbd2 Re7 23. Rd6 Rc6 24. R6d5 b6 25. Rh5 Rc3 26.
Rxh7 Rxa3 27. Rd2 b5 28. g3 a5 29. h4 b4 30. h5 a4 31. Rh8 b3 32. axb3 axb3 33. h6 Ra2 34. Rxa2 bxa2 35. Ra8 Re8 36. Rxa2 Rh8 37. Ra7+ Kd6 38. Rxf7 Ke6 39. Ra7 Rxh6 40.
Kg2 Rh5 41. Kf3 Rb5 42. Ra6+ Kf7 43. Kg4 Rb4+ 44. f4 Rb5 45. Ra7+ Kg6 46. Kh4 Rh5+ 47. Kg4 Rb5 48. Ra8 f5+ 49. Kh4 Rb1 50. Ra6+ Kf7 51. Kg5 Rb3 52. Kxf5 Rxg3 53. Ra7+ Ke8 54. Kf6 Rf3 55. f5 Rf1 56. Ra8+ Kd7 57. Kg6 Ke7 58. Ra7+ Ke8 59. Kf6 Rf2 60. Ra8+ Kd7 61. Rf8 Rf1 62. Kg7 Rg1+ 63. Kf7 Rf1 64. f6 Rh1 65. Ra8 Rf1 66.
Kg7 Rg1+ 67. Kf8 Rh1 68. Ra7+ Ke6 69. f7 Rg1 70. Ke8 Rb1 71. Ra6+ Ke5 72. f8=Q 1-0

[Event "Late-Titled-Tuesday-Blitz-September-12-2023"]
[Site "Chess.com"]
[Date "2023.09.12"]
[Round "1"]
[White "ChessSwole"]
[Black "KafkaesqueKnight"]
[Result "0-1"]
[WhiteElo "2698"]
[BlackElo "2401"]
[TimeControl "180+1"]
[EndTime "14:08:30 PDT"]
[Termination "KafkaesqueKnight won by checkmate"]

1. d4 Nf6 2. c4 g6 3. Nc3 Bg7 4. e4 O-O 5. h3 c5 6. d5 d6 7. g4 a6 8. Bg2 Nbd7 9. Nge2 Ne5 10.
b3 b5 11. f4 Ned7 12. Be3 bxc4 13. bxc4 Nb6 14. Qd3 a5 15. O-O Ba6 16. Nb5 a4 17. Rab1 Rb8 18. e5 dxe5 19. Bxc5 e4 20. Qc2 Nbxd5 21. g5 Nd7 22. Bf2 e3 23. Be1 N5b6 24.
c5 Nd5 25. Qxa4 Nxc5 26. Qc4 Nc7 27. Qxc5 Bxb5 28. Qxe3 Bxe2 29. Rxb8 Bd4 30. Rxd8 Bxe3+ 31. Bf2 Rxd8 32. Bxe3 Bxf1 33. Bxf1 Rd1 34. Kf2 Nd5 35. Bc5 Nxf4 36. Bxe7 Ra1 37. Bc4 Nxh3+ 38. Kg3 Ng1 39. Bf6 Rc1 40. Bb3 Ne2+ 41. Kf2 Nc3 42. Ke3 Nb1 43.
a4 Rc5 44. Kd4 Rf5 45. Bc2 Rf4+ 46. Kc5 Na3 47. Bd3 Rxa4 48. Bb2 Ra5+ 49. Kb4 Rd5 50.
Be4 Rxg5 51. Kxa3 Rg3+ 52. Ka2 h5 53. Kb1 h4 54. Kc1 h3 55. Kd1 h2 56. Ke2 Rg1 57. Be5 h1=Q 58. Bxh1 Rxh1 59. Kf3 Rb1 60. Bf6 Kh7 61.
Kg4 Rb5 62. Kh4 Rf5 63. Bg5 Rxg5 64. Kxg5 Kg7 65. Kg4 f5+ 66. Kf4 Kf6 67. Kf3 g5 68. Kg3 f4+ 69. Kf3 Kg6 70. Kg4 Kf6 71. Kf3 Kf5 72.
Kf2 g4 73. Kg2 Ke4 74. Kf2 g3+ 75. Ke2 f3+ 76. Kf1 f2 77. Kg2 Ke3 78. Kxg3 f1=Q 79.
Kg4 Qf6 80. Kh3 Qg5 81. Kh2 Kf2 82. Kh1 Qh4# 0-1

[Event "Late-Titled-Tuesday-Blitz-September-12-2023"]
[Site "Chess.com"]
[Date "2023.09.12"]
[Round "1"]
[White "GameOverBro"]
[Black "Rud_Makarian"]
[Result "1/2-1/2"]
[WhiteElo "2481"]
[BlackElo "2954"]
[TimeControl "180+1"]
[EndTime "14:08:32 PDT"]
[Termination "Game drawn - insufficient material"]

1. e4 e5 2. Nf3 Nc6 3. Bb5 a6 4. Ba4 Bc5 5. c3 Nge7 6. d4 exd4 7. cxd4 Bb4+ 8. Nc3 d5 9. e5 Bg4 10. Be3 O-O 11. h3 Bh5 12. Bc2 Qd7 13. Qd3 Bg6 14. Qd2 Na5 15. O-O Nc4 16. Qc1 Bxc3 17. bxc3 c5 18. Bb3 Nxe3 19. fxe3 Rac8 20. Qa3 cxd4 21. cxd4 Nf5 22. Ba4 b5 23. Bd1 Ng3 24. Re1 Qb7 25. Qb2 Rc7 26. Rc1 Rfc8 27. Rxc7 Qxc7 28. Bb3 Be4 29. Qf2 Nf5 30. Ng5 Nh6 31. Nxe4 dxe4 32. Qf4 a5 33. Qxe4 a4 34. Bd5 b4 35. e6 fxe6 36. Qxe6+ Kh8 37. Rf1 Qb8 38. e4 Re8 39. Qd7 b3 40. axb3 axb3 41. Bxb3 Rxe4 42. Qb7 Re8 43. Qxb8 Rxb8 44. Be6 Rd8 45. d5 Ng8 46. Kf2 Nf6 47. Rd1 g5 48. Ke3 Kg7 49. Kd4 Ne8 50.
Ke5 Nd6 51. Rc1 Nf7+ 52. Kf5 Nd6+ 53. Kxg5 h6+ 54. Kf4 Kf6 55. g4 Ra8 56. Rc6 Ra4+ 57. Kg3 Ke5 58. Rc7 Ra3+ 59. Kg2 Ne4 60. Rh7 Ra2+ 61.
Kf3 Ra3+ 62. Ke2 Kd4 63. Bf5 Re3+ 64. Kd1 Nf2+ 65. Kc2 Rc3+ 66. Kb2 Nd1+ 67. Kb1 Kxd5 68. Rd7+ Ke5 69. Rxd1 Rxh3 70. Re1+ Kf4 71. Re4+ Kg5 72. Rc4 h5 73. gxh5 Rh1+ 74. Kb2 Kxf5 75. Rc5+ Kg4 76.
Kc3 Rxh5 77. Rxh5 Kxh5 1/2-1/2

[Event "Late-Titled-Tuesday-Blitz-September-12-2023"]
[Site "Chess.com"]
[Date "2023.09.12"]
[Round "1"]
[White "zeitnot2006"]
[Black "NovikovaGalina"]
[Result "1/2-1/2"]
[WhiteElo "2748"]
[BlackElo "2419"]
[TimeControl "180+1"]
[EndTime "14:08:39 PDT"]
[Termination "Game drawn by repetition"]

1. e4 e6 2. d4 d5 3. Bd3 dxe4 4.
Bxe4 Nf6 5. Bf3 Be7 6. Ne2 c5 7. O-O Nc6 8. Be3 cxd4 9. Nxd4 Ne5 10. Nc3 O-O 11. Be2 a6 12. h3 Bd7 13. f4 Ng6 14. Bf3 Rb8 15. Qe2 Bc5 16. Rad1 Nh4 17. Kh2 Nxf3+ 18.
Nxf3 Bxe3 19. Qxe3 Qc7 20. Ne5 Bc6 21. Nxc6 Qxc6 22.
Rd3 Rbd8 23. Rfd1 Rxd3 24. Qxd3 Qb6 25. b3 Qb4 26. Ne2 h6 27. c4 Qa5 28. Qd2 Qf5 29.
Qd3 Qa5 30. Qd2 Qf5 31. Ng3 Qc5 32. Qd4 Qa5 33. Rd2 Rc8 34. Qd3 Qc7 35. Qd6 Qa5 36.
a3 Qc3 37. Qd3 Qc1 38. f5 e5 39. Rd1 Qxa3 40. Re1 Re8 41. Ne4 Nxe4 42. Rxe4 Qe7 43. Qf3 Qf6 44. Re3 Qc6 45. Qg3 f6 46. Rd3 Qc7 47.
Rd5 Rd8 48. Rxd8+ Qxd8 49. Qf3 Qc7 50. Qd5+ Kh7 51. h4 Qc8 52. Qe4 Qd7 53. Qg4 Qe8 54. Kh3 Qd7 55. g3 b5 56. c5 Kh8 57. Qe4 Qd1 58. c6 Qf1+ 59. Kh2 Qf2+ 60. Qg2 Qc5 61. Qe4 a5 62. Kh3 a4 63. b4 Qc1 64. Qd5 Kh7 65. Qd7 h5 66. Kg2 Qc2+ 67. Kf3 Qc3+ 68.
Ke4 Qc4+ 69. Ke3 Qc3+ 70. Ke2 Qc2+ 71. Ke3 Qb3+ 72. Ke2 Qc4+ 73. Ke3 Qc3+ 74. Ke2 Qc2+ 75.
Ke3 Qc3+ 1/2-1/2

[Event "Late-Titled-Tuesday-Blitz-September-12-2023"]
[Site "Chess.com"]
[Date "2023.09.12"]
[Round "1"]
[White "lluiss"]
[Black "KamilGrycel"]
[Result "0-1"]
[WhiteElo "2176"]
[BlackElo "2528"]
[TimeControl "180+1"]
[EndTime "14:08:40 PDT"]
[Termination "KamilGrycel won by resignation"]

1. Nf3 d6 2. d4 Bg4 3. c4 c6 4.
Qb3 Qb6 5. Nbd2 Nd7 6. g3 Ngf6 7. Bg2 e6 8. O-O d5 9. h3 Bh5 10. Qxb6 axb6 11. cxd5 exd5 12. g4 Bg6 13. Nh4 Bd6 14. Nxg6 hxg6 15. Nf3 b5 16. a3 Ne4 17. Rb1 O-O 18. Ng5 Nef6 19. Bd2 Rfe8 20. e3 Nb6 21. Rfe1 Nc4 22. Bc3 Re7 23. Ra1 Rae8 24. Bb4 Bxb4 25. axb4 Nxb2 26. Ra7 b6 27. Rxe7 Rxe7 28. Ra1 Na4 29.
Bf1 Ne4 30. Nxe4 Rxe4 31. Rc1 Re6 32. Bd3 Nb2 33. Be2 Kf8 34. Ra1 Ke7 35. Ra7+ Kf6 36. Kf1 Re7 37. Ra8 Rc7 38. Ra6 Na4 39. Ke1 Ke6 40.
Kd2 Kd6 41. Bd1 Nb2 42. Bb3 f5 43. gxf5 gxf5 44. Bc2 Nc4+ 45. Kc3 Rf7 46. Ra8 f4 47. Rd8+ Kc7 48. Bg6 Kxd8 49. Bxf7 fxe3 50. fxe3 Nxe3 51. Be6 Ke7 52. Bc8 Kd6 53. Kd3 Nc4 54. Bf5 Ke7 55. Bg4 Kd6 56. Bf5 Nb2+ 57. Kc3 Nd1+ 58. Kd2 Nf2 59. Ke3 Ne4 60. Bc8 c5 61. dxc5+ bxc5 62. bxc5+ Kxc5 63. Bb7 b4 64. Kd3 Nd6 65. Ba6 Nc4 66.
Kc2 Na5 67. Be2 d4 68. Bd3 b3+ 69. Kb2 Kb4 70. Be2 Nc4+ 71. Kc1 Kc3 72. Bxc4 Kxc4 73. Kb2 Kb4 74. Kc1 Kc3 0-1